 Dungeon Crawl Stone Soup version 0.17-a0-2073-gde5cdba (webtiles) character file.

359 radek the Conjurer (level 6, -1/32 HPs)
             Began as a Deep Elf Conjurer on Oct 15, 2015.
             Slain by Gorice's ghost (6 damage)
             ... on level 4 of the Dungeon.
             The game lasted 00:18:53 (4449 turns).

radek the Conjurer (Deep Elf Conjurer)              Turns: 4449, Time: 00:18:53

Health: -1/32      AC:  2    Str:  6    XL:     6   Next: 37%
Magic:  1/12       EV: 13    Int: 21    God:
Gold:   205        SH:  0    Dex: 15    Spells: 2 memorised, 5 levels left

rFire  . . .     SeeInvis .     x - -3 dagger (curse)
rCold  . . .     Clarity  .     a - +0 robe
rNeg   . . .     SustAt   .     (no shield)
rPois  .         Gourm    .     (no helmet)
rElec  .         Spirit   .     (no cloak)
rCorr  .         Warding  .     (no gloves)
rMut   .         Stasis   .     (no boots)
MR     +....                    (no amulet)
Stlth  ++........               (no ring)
                                k - ring of protection from magic

@: very slightly contaminated, somewhat resistant to hostile enchantments,
unstealthy
A: no striking features
a: no special abilities


You were on level 4 of the Dungeon.
You were not hungry.

You visited 1 branch of the dungeon, and saw 4 of its levels.

You collected 205 gold pieces.

Inventory:

Hand Weapons
 o - a +2 dagger of venom
 u - a +1 dagger of venom
 x - a cursed -3 dagger (weapon)
 y - a +1 dagger of flaming
Armour
 a - a +0 robe (worn)
 f - a +0 robe
Jewellery
 k - a ring of protection from magic (left hand)
 p - an uncursed amulet of stasis {unknown}
Scrolls
 i - a scroll of remove curse {unknown}
 j - a scroll of enchant weapon {unknown}
 l - 4 scrolls of identify {unknown}
 m - a scroll of amnesia {unknown}
 n - a scroll of immolation {unknown}
 q - a scroll of noise {unknown}
 w - a scroll of enchant armour {unknown}
Potions
 e - a potion of magic {unknown}
 g - 5 potions of curing {unknown}
 h - a potion of might {unknown}
 s - a potion of agility {unknown}
 t - a potion of flight {unknown}
 v - a potion of lignification {unknown}
Books
 b - a book of Conjurations

   Spells                             Type                      Level
   a - Magic Dart                     Conjuration                  1
   b - Searing Ray                    Conjuration                  2
   c - Dazzling Spray                 Conjuration/Hexes            3
   d - Fulminant Prism                Conjuration/Hexes            4
   e - Iskenderun's Mystic Blast      Conjuration                  4
   f - Iskenderun's Battlesphere      Conjuration/Charms           5
Comestibles
 c - 2 bread rations
 r - 3 fruits
 z - 8 chunks of flesh


   Skills:
 - Level 2.4 Dodging
 - Level 2.4 Stealth
 - Level 3.0 Spellcasting
 - Level 7.2 Conjurations
 * Level 5.5 Charms


You had 5 spell levels left.
You knew the following spells:

 Your Spells              Type           Power        Failure   Level  Hunger
a - Magic Dart            Conj           ####         1%          1    None
b - Iskenderun's Battles  Conj/Chrm      ####....     28%         5    ######.


Dungeon Overview and Level Annotations

Branches:
Dungeon (4/15)
 Temple: D:4-7

Altars:
Dithmenos
Makhleb
Qazlal
Xom

Annotations:
D:4 Gorice's ghost, amateur SpWn


Message History

Casting: Magic Dart
Confirm with . or Enter, or press ? or * to list all spells.
Aiming: Magic Dart
Press: ? - help, Shift-Dir - straight line, f/p - Gorice's ghost
Aim: Gorice's ghost (lightly damaged)
The magic dart hits Gorice's ghost.
Gorice's ghost is moderately damaged.
Your battlesphere fires!
The barrage of energy hits Gorice's ghost.
Gorice's ghost is heavily damaged.
Gorice's ghost hits you but does no damage.
Gorice's ghost hits you!
* * * LOW HITPOINT WARNING * * *
Casting: Magic Dart
Confirm with . or Enter, or press ? or * to list all spells.
Okay, then.
Drink which item? (? for menu, Esc to quit)
It was a potion of cure mutation.
It has a very clean taste.
Gorice's ghost hits you.
You die...

..##...##.....## ###...#
.###...###...## ####.....# ##
#.### ##### ##...%....# #.# #..#
#..*...#..## #.#####.##
#......#...# #.......#
##...#..###.## #####..##
#....#(......## # ##..##
####*#..###.#....# ## ##>###
#.@W.#......#....#. .####.##
#.#..###.#..###.... ..##)##
#.#......#.......## #....#
###.###.#..###.#....# #...##
##.......#......#....# #...##
##........###.#..###..# .....##
##....%.#..$...#......##
.##...####..##...##..#..###.#..#
####...#...####..##.........#
..#


You could see Gorice's ghost.

Vanquished Creatures
  2 crimson imps (D:4)
  2 orc priests (D:4)
  2 orc wizards (D:4)
  3 worker ants (D:4)
  5 adders
  A worm (D:3)
  A giant gecko (D:1)
  7 orcs (D:4)
  4 giant cockroaches
  5 goblins
  5 hobgoblins
  4 jackals (D:3)
  3 kobolds
  A quokka (D:2)
  A ball python (D:3)
  7 bats
  2 giant newts
  A quokka skeleton (D:4)
  9 rats
65 creatures vanquished.

Notes
Turn   | Place    | Note
--------------------------------------------------------------
     0 | D:1      | radek the Deep Elf Conjurer began the quest for the Orb.
     0 | D:1      | Reached XP level 1. HP: 10/10 MP: 6/6
   467 | D:1      | Reached XP level 2. HP: 15/15 MP: 4/8
   508 | D:1      | Reached skill level 5 in Conjurations
   883 | D:2      | Found a stormy altar of Qazlal.
  1134 | D:2      | Reached XP level 3. HP: 19/19 MP: 3/9
  1843 | D:3      | Found a shadowy altar of Dithmenos.
  1846 | D:3      | Reached skill level 6 in Conjurations
  1918 | D:3      | Reached XP level 4. HP: 24/24 MP: 5/10
  2774 | D:4      | Found a shimmering altar of Xom.
  2776 | D:4      | Found a burning altar of Makhleb.
  2930 | D:4      | Reached skill level 7 in Conjurations
  2930 | D:4      | Reached XP level 5. HP: 28/28 MP: 3/11
  2996 | D:4      | Learned a level 5 spell: Iskenderun's Battlesphere
  3018 | D:4      | Reached skill level 1 in Charms
  3777 | D:4      | Reached XP level 6. HP: 19/32 MP: 2/12
  4146 | D:4      | Reached skill level 5 in Charms
  4352 | D:4      | Noticed Gorice's ghost (amateur SpWn)
  4449 | D:4      | Slain by Gorice's ghost

Vault maps used:
D:1:      dpeg_arrival_pond
D:2:      grunt_qazlal_clouds, nrook_mini_vaults
D:3:      grunt_dithmenos_smoke
D:4:      kennysheep_six_static_rooms, grunt_temple_overflow_champion_of_chaos,
          first_bread, hangedman_decor_points

Action                   |  1- 3 |  4- 6 || total
-------------------------+-------+-------++-------
Melee: Dagger            |       |     2 ||     2
 Cast: Magic Dart        |    57 |   111 ||   168
       Iskenderun's Batt |       |     1 ||     1
  Use: Potion            |       |     1 ||     1
  Eat: Chunk             |     2 |     1 ||     3
       Pizza             |     1 |       ||     1
       Beef jerky        |       |     1 ||     1
       Meat ration       |       |     1 ||     1
